[Event "ICC tourney 2545 (5 3)"]
[Site "Internet Chess Club"]
[Date "2021.04.11"]
[Round "8"]
[White "aga"]
[Black "Jude"]
[Result "0-1"]
[ICCResult "White resigns"]
[WhiteElo "1974"]
[BlackElo "1681"]
[Opening "Sicilian: Najdorf, 7.f4"]
[ECO "B96"]
[NIC "SI.06"]
[Time "17:06:19"]
[TimeControl "300+3"]

1. e4 c5 2. Nf3 d6 3. d4 cxd4 4. Nxd4 Nf6 5. Nc3 a6 6. Bg5 e6 7. f4 Nbd7 8.
Qf3 Qc7 9. O-O-O b5 10. a3 Rb8 11. g4 b4 12. axb4 Rxb4 13. Bxf6 gxf6 14. h4
Qb6 15. Nb3 Nc5 16. Nxc5 dxc5 17. b3 Rd4 18. Bc4 Bb7 19. Rhe1 h5 20. Qe2
hxg4 21. Qxg4 Bh6 22. Na4 Qd6 23. Rxd4 Bxf4+ 24. Kb1 cxd4 25. Qg7 Rh6 26.
Nb2 Rg6 27. Qh8+ Qf8 28. Qh5 Bd2 29. Rd1 Bc3 30. Bxe6 Qa3 31. Bxf7+ Kxf7 32.
Qh7+ Rg7 33. Qh5+ Ke7 34. Qc5+ Qxc5 35. Nd3 Qa3 {White resigns} 0-1

[Event "ICC tourney 2545 (5 3)"]
[Site "Internet Chess Club"]
[Date "2021.04.11"]
[Round "8"]
[White "B9"]
[Black "MillzGambit"]
[Result "0-1"]
[ICCResult "White checkmated"]
[WhiteElo "1785"]
[BlackElo "1613"]
[Opening "QGD Slav: 4.e3 Bf5"]
[ECO "D12"]
[NIC "QP.08"]
[Time "17:05:42"]
[TimeControl "300+3"]

1. d4 d5 2. Nf3 Nf6 3. e3 Bf5 4. c4 c6 5. Nc3 e6 6. Qb3 Qb6 7. c5 Qxb3 8.
axb3 Nbd7 9. b4 Be7 10. Be2 O-O 11. O-O b6 12. Ba6 Rfb8 13. Re1 bxc5 14.
bxc5 Ne4 15. Nxe4 Bxe4 16. Nd2 Bg6 17. f4 f6 18. b3 Bc2 19. Ra3 e5 20. Bb2
Nxc5 21. dxc5 Bxc5 22. Raa1 exf4 23. Bd4 Bb4 24. Re2 c5 25. Bb2 fxe3 26. Nf3
Bxb3 27. Rxe3 c4 28. Bd4 Kf7 29. Nh4 Bc2 30. Re2 Bd3 31. Rea2 Ke7 32. Nf3
Kd6 33. Bf2 Bc3 34. Bg3+ Kc6 35. Rc1 Rb3 36. Bf2 Rab8 37. Nd4+ Bxd4 38. Bxd4
Rb1 39. Rxb1 Rxb1+ 40. Kf2 g5 41. h3 h5 42. Bc8 f5 43. Bxa7 f4 44. Bd4 Rf1#
{White checkmated}
0-1

[Event "ICC tourney 2545 (5 3)"]
[Site "Internet Chess Club"]
[Date "2021.04.11"]
[Round "8"]
[White "janh"]
[Black "EVMIGR"]
[Result "1-0"]
[ICCResult "Black checkmated"]
[WhiteElo "1729"]
[BlackElo "1452"]
[Opening "Queen's pawn: Chigorin variation"]
[ECO "D00"]
[NIC "QP.08"]
[Time "17:06:01"]
[TimeControl "300+3"]

1. d4 d5 2. Nc3 Nf6 3. Bf4 c6 4. e3 Bf5 5. f3 e6 6. g4 Bg6 7. h4 h6 8. h5
Bh7 9. Bd3 Bxd3 10. Qxd3 Bd6 11. Nge2 Na6 12. O-O-O c5 13. Qb5+ Ke7 14.
Qxb7+ Nc7 15. dxc5 Bxf4 16. Nxf4 Nd7 17. Qc6 Ne5 18. Qb7 Rb8 19. Nfxd5+ exd5
20. Nxd5+ Kf8 21. Qxc7 Qxc7 22. Nxc7 Rc8 23. Na6 Nxf3 24. Rd7 Ne5 25. Rxa7
g5 26. hxg6 Nxg6 27. Rf1 Rh7 28. b4 Ne5 29. Rf4 Rg7 30. b5 Nxg4 31. b6 Nxe3
32. b7 Rg1+ 33. Kd2 Rd8+ 34. Kxe3 Re1+ 35. Kf2 Rc1 36. b8=Q Rxc2+ 37. Kg3
Rxb8 38. Nxb8 Rc3+ 39. Rf3 Rc2 40. Rfxf7+ Kg8 41. Rg7+ Kf8 42. Raf7+ Ke8 43.
Re7+ Kf8 44. Nd7# {Black checkmated} 1-0

[Event "ICC tourney 2545 (5 3)"]
[Site "Internet Chess Club"]
[Date "2021.04.11"]
[Round "8"]
[White "ELCCEthan488"]
[Black "jgse19811"]
[Result "1-0"]
[ICCResult "Black checkmated"]
[WhiteElo "1560"]
[BlackElo "1340"]
[Opening "Trompowsky attack (Ruth, Opocenský opening)"]
[ECO "A45"]
[NIC "QP.07"]
[Time "17:06:17"]
[TimeControl "300+3"]

1. d4 Nf6 2. Bg5 e6 3. e4 Be7 4. Bd3 d6 5. c3 Nbd7 6. f4 c5 7. Nf3 d5 8. e5
c4 9. exf6 Bxf6 10. Bxf6 Nxf6 11. Bc2 O-O 12. O-O Qc7 13. Ne5 Qe7 14. Nd2 b5
15. a3 Bb7 16. Ndf3 Ne4 17. Ng4 f5 18. Nge5 Rf6 19. Bxe4 dxe4 20. Ng5 Rh6
21. h3 Rf8 22. Qe2 Rh4 23. g3 Rh6 24. a4 Ba8 25. axb5 Qb7 26. Qe3 Qxb5 27.
Rxa7 Bd5 28. Rfa1 Qxb2 29. R7a2 Qb3 30. Ra3 Qb2 31. Qc1 Qe2 32. Qe1 Qb2 33.
R1a2 Qb7 34. Ra7 Qb3 35. R2a3 Qc2 36. Ra2 Qb3 37. Nef7 e3 38. Nxh6+ gxh6 39.
R7a3 Qb7 40. Nxh7 Ra8 41. Rxa8+ Qxa8 42. Rxa8+ Bxa8 43. Qxe3 Kxh7 44. Qxe6
Be4 45. Qxc4 h5 46. Qf7+ Kh8 47. Qe8+ Kg7 48. g4 fxg4 49. Qxe4 gxh3 50. Qe5+
Kg6 51. d5 h4 52. d6 h2+ 53. Kxh2 h3 54. d7 Kf7 55. d8=Q Kg6 56. Qdd6+ Kf7
57. Qee7+ Kg8 58. Qdd8# {Black checkmated} 1-0

[Event "ICC tourney 2545 (5 3)"]
[Site "Internet Chess Club"]
[Date "2021.04.11"]
[Round "8"]
[White "ranadiw"]
[Black "Rsalvio"]
[Result "0-1"]
[ICCResult "White checkmated"]
[WhiteElo "1154"]
[BlackElo "1431"]
[Opening "French: Marshall variation"]
[ECO "C10"]
[NIC "FR.04"]
[Time "17:05:43"]
[TimeControl "300+3"]

1. e4 e6 2. d4 d5 3. Nc3 c5 4. Nf3 Nc6 5. Bb5 dxe4 6. Nxe4 Qa5+ 7. Nc3 Bd7
8. d5 exd5 9. O-O O-O-O 10. Bd2 Nf6 11. a4 Nb4 12. Re1 a6 13. Bxd7+ Rxd7 14.
Ne5 Rc7 15. Ne2 Bd6 16. Nd3 Qb6 17. a5 Qb5 18. Nc3 Qc6 19. Nxb4 cxb4 20. Na4
Qxc2 21. Nb6+ Kb8 22. Qe2 Re7 23. Qxe7 Bxe7 24. Bf4+ Ka7 25. Rxe7 Re8 26.
Rc7 Qe4 27. Be3 d4 28. Bd2 Qe2 29. Bxb4 Ne4 30. Rf1 Qb5 31. Ba3 Qxa5 32. Nd5
Qxd5 33. f3 Qe5 34. Rxf7 Nd6 35. Bxd6 Qxd6 36. h3 d3 37. Rd1 d2 38. Kf2 Qd4+
39. Kg3 Re1 40. Rxd2 Qxd2 41. Rxg7 Re2 42. Rxh7 Rxg2+ 43. Kh4 Qg5#
{White checkmated}
0-1

[Event "ICC tourney 2545 (5 3)"]
[Site "Internet Chess Club"]
[Date "2021.04.11"]
[Round "8"]
[White "zugspitze"]
[Black "Structor99"]
[Result "1-0"]
[ICCResult "Black resigns"]
[WhiteElo "1652"]
[BlackElo "1869"]
[Opening "QGD: 4.Bg5 Be7, 5.e3 O-O"]
[ECO "D53"]
[NIC "QO.13"]
[Time "17:06:00"]
[TimeControl "300+3"]

1. d4 e6 2. c4 Nf6 3. Nc3 d5 4. Bg5 Be7 5. e3 O-O 6. cxd5 exd5 7. Bd3 h6 8.
Bh4 c6 9. Nge2 Bg4 10. f3 Be6 11. Bf2 c5 12. Qc2 Nc6 13. a3 Qd7 14. dxc5
Bxc5 15. Nd4 Nxd4 16. exd4 Bb6 17. O-O Rac8 18. Rac1 a6 19. Rfd1 Nh5 20. Qa4
Nf4 21. Qxd7 Bxd7 22. Bf1 Bc6 23. g3 Ne6 24. Bh3 Rfe8 25. Bf5 Rcd8 26. Kg2
Nc7 27. Re1 Nb5 28. Nxb5 Bxb5 29. h4 Bc4 30. h5 a5 31. Bc2 Bb5 32. b3 Rc8
33. Bf5 Rxe1 34. Rxc8+ Re8 35. Rxe8+ Bxe8 36. Kf1 Bc7 37. Ke1 Bd6 38. a4 Kf8
39. Kd2 Ke7 40. Kc2 g6 41. Bg4 f5 42. Bh3 Kf6 43. hxg6 Bxg6 44. f4 Bh5 45.
Bg2 Bf7 46. Be1 h5 47. Bxa5 h4 48. Bd8+ Kg6 49. Bxh4 Kh5 50. Bf3+ Kg6 51.
Bd8 Kh6 52. Kc3 Bh5 53. Bxd5 Be2 54. Bxb7 Kh5 55. Bd5 Kg4 56. Bh4 Bxf4 57.
gxf4 Kxh4 58. Kd2 Ba6 59. Ke3 Kh5 60. b4 Kg6 61. b5 Bb7 62. Bxb7 Kf6 63. a5
{Black resigns}
1-0

[Event "ICC tourney 2545 (5 3)"]
[Site "Internet Chess Club"]
[Date "2021.04.11"]
[Round "8"]
[White "Onandov"]
[Black "Grayson0405"]
[Result "1-0"]
[ICCResult "Black resigns"]
[WhiteElo "1650"]
[BlackElo "1504"]
[Opening "English opening"]
[ECO "A05"]
[NIC "QP.11"]
[Time "17:06:20"]
[TimeControl "300+3"]

1. Nf3 Nf6 2. c4 g6 3. b4 Bg7 4. Bb2 O-O 5. g3 d6 6. Bg2 Nbd7 7. O-O a5 8.
a3 axb4 9. axb4 Rxa1 10. Bxa1 b6 11. d3 Bb7 12. Nbd2 Qa8 13. Ne1 Bxg2 14.
Nxg2 Nh5 15. Bxg7 Nxg7 16. Qa1 Nf6 17. Ne3 Ne6 18. Nb3 Ng5 19. Qxa8 Rxa8 20.
Ra1 Rxa1+ 21. Nxa1 Kf8 22. Nb3 Ke8 23. Nd4 Kd7 24. Kf1 Ne6 25. Nf3 c5 26. b5
Ne8 27. Nd2 Nd4 28. Nd5 Nc7 29. Nxb6+ Ke6 30. Ke1 d5 31. e3 Nc2+ 32. Ke2 Na3
33. Kd1 Kd6 34. Kc1 dxc4 35. dxc4 Naxb5 36. cxb5 Nxb5 37. Kc2 Kc6 38. Nbc4
Kd5 39. Kd3 e5 40. e4+ Ke6 41. Ne3 f5 42. Kc4 Nd4 43. Kxc5 fxe4 44. Nxe4 Kf7
45. Kd5 Nf3 46. h4 h6 47. Ng4 h5 48. Nxe5+ Nxe5 49. Kxe5 {Black resigns} 1-0

[Event "ICC tourney 2545 (5 3)"]
[Site "Internet Chess Club"]
[Date "2021.04.11"]
[Round "8"]
[White "ShapeShifter"]
[Black "Artist2020"]
[Result "0-1"]
[ICCResult "White resigns"]
[WhiteElo "1561"]
[BlackElo "1693"]
[Opening "QGD: exchange, positional line"]
[ECO "D35"]
[NIC "QO.16"]
[Time "17:05:49"]
[TimeControl "300+3"]

1. d4 d5 2. c4 e6 3. Nc3 Nf6 4. cxd5 exd5 5. Bg5 Nbd7 6. Qc2 c6 7. e3 Be7 8.
Bd3 O-O 9. Nge2 Re8 10. O-O Nf8 11. f3 Ng6 12. e4 dxe4 13. fxe4 Ng4 14. Bxe7
Rxe7 15. Rf3 Be6 16. e5 Nh4 17. Bxh7+ Kf8 18. Rf4 Rd7 19. h3 Ne3 20. Qe4
Nhxg2 21. Rf3 Qg5 22. Rg3 Qh6 23. Rxg2 Nxg2 24. Kxg2 Bxh3+ 25. Kf2 Rad8 26.
Rh1 Qe6 27. Nf4 Qg4 28. Nxh3 Rxd4 29. Qxg4 Rxg4 30. Bf5 Rh4 31. Kg3 Rh5 32.
Rf1 Rd2 33. Rf2 Rxf2 34. Nxf2 Rxf5 35. Ng4 Rf1 36. Ne4 Rb1 37. Nd6 Rxb2 38.
Kf4 b5 39. Kf5 Rxa2 40. Ne3 b4 {White resigns} 0-1

[Event "ICC tourney 2545 (5 3)"]
[Site "Internet Chess Club"]
[Date "2021.04.11"]
[Round "8"]
[White "marinaxiao"]
[Black "MIEMBR"]
[Result "0-1"]
[ICCResult "White resigns"]
[WhiteElo "1387"]
[BlackElo "1598"]
[Opening "Sicilian: Taimanov variation"]
[ECO "B49"]
[NIC "SI.40"]
[Time "17:05:41"]
[TimeControl "300+3"]

1. e4 c5 2. Nf3 e6 3. d4 cxd4 4. Nxd4 Nc6 5. Nc3 Qc7 6. Be3 a6 7. Be2 Nf6 8.
a4 Bb4 9. Bf3 d5 10. exd5 Nxd5 11. Bxd5 exd5 12. O-O Ne7 13. Nce2 O-O 14. c3
Bd6 15. h3 Be6 16. f4 Bc5 17. Kh1 Rad8 18. f5 Bc8 19. b4 Bd6 20. b5 f6 21.
b6 Qxb6 22. Nc2 Qc7 23. a5 Nxf5 24. Bb6 Qf7 25. Bxd8 Rxd8 26. Ncd4 Ne3 27.
Qe1 Nxf1 28. Qxf1 Qg6 29. Nf4 Qe4 30. Nh5 Qe5 31. g3 Qxh5 32. g4 Qe5 33. Qg2
Re8 34. Nf5 Bc5 35. Rd1 Be6 36. Ng3 Qxc3 37. Ne2 Qc2 38. Rc1 Qd2 39. Rxc5 d4
40. Ng3 Qe1+ 41. Kh2 d3 42. Rc7 Bc8 43. Qd5+ Kh8 44. Qg2 d2 45. Rxg7 Kxg7
46. Nh5+ Kh8 47. Qf3 Qe2+ 48. Qxe2 Rxe2+ 49. Kg3 Re6 50. Nxf6 Rxf6 51. g5
Rg6 52. h4 d1=Q 53. Kf4 Qd4+ 54. Kf3 Qxh4 55. Kg2 {White resigns} 0-1

[Event "ICC tourney 2545 (5 3)"]
[Site "Internet Chess Club"]
[Date "2021.04.11"]
[Round "8"]
[White "RichTNYC"]
[Black "luckylol3"]
[Result "0-1"]
[ICCResult "White checkmated"]
[WhiteElo "1215"]
[BlackElo "1509"]
[Opening "Two knights defense (Modern bishop's opening)"]
[ECO "C55"]
[NIC "IG.01"]
[Time "17:06:11"]
[TimeControl "300+3"]

1. e4 e5 2. Nf3 Nc6 3. Bc4 Nf6 4. d3 h6 5. O-O Bc5 6. Be3 Bb6 7. Nbd2 O-O 8.
c3 d6 9. d4 Bg4 10. dxe5 Nxe5 11. h3 Nxf3+ 12. Nxf3 Bh5 13. Be2 Nxe4 14. Qd5
Nf6 15. Qxb7 Rb8 16. Qa6 Bxe3 17. fxe3 Ra8 18. Qa5 Re8 19. Bc4 Rxe3 20. Nh4
Re5 21. Qb4 c5 22. Qb3 Re7 23. Nf5 Rd7 24. Ng3 Bg6 25. Rad1 d5 26. Bb5 Rb8
27. Qa4 Rdb7 28. c4 d4 29. Qb3 a6 30. Bc6 Rxb3 31. axb3 Rxb3 32. Ra1 Rxg3
33. Rxa6 Qe7 34. Ra8+ Kh7 35. Bf3 Qe3+ 36. Kh2 Rg5 37. Raa1 Bh5 38. Rae1
Qf4+ 39. Kg1 Qc7 40. Bxh5 Nxh5 41. Re2 Ng3 42. Ref2 Nxf1 43. Rxf1 Qg3 44.
Rf2 f5 45. Kf1 Qd3+ 46. Kg1 Kg6 47. Kh1 Qd1+ 48. Kh2 d3 49. Rf3 d2 50. Rd3
Qe2 51. Rxd2 Qxd2 52. b4 Qxg2# {White checkmated} 0-1

[Event "ICC tourney 2545 (5 3)"]
[Site "Internet Chess Club"]
[Date "2021.04.11"]
[Round "8"]
[White "Jaburu"]
[Black "ethansun188"]
[Result "1-0"]
[ICCResult "Black forfeits on time"]
[WhiteElo "1657"]
[BlackElo "1271"]
[Opening "Sicilian: closed"]
[ECO "B23"]
[NIC "SI.44"]
[Time "17:05:23"]
[TimeControl "300+3"]

1. e4 c5 2. Nc3 d6 3. d4 cxd4 4. Qxd4 Nc6 5. Qe3 Nf6 6. f3 e6 7. b3 Be7 8.
Bb2 Bd7 9. O-O-O a6 10. Kb1 b5 11. g4 a5 12. g5 Nh5 13. h4 Nb4 14. Bxb5 Bxb5
15. Nxb5 a4 16. Ne2 axb3 17. axb3 Qa5 18. Nbc3 O-O 19. Na4 Rfc8 20. Rc1 d5
21. Rhd1 dxe4 22. fxe4 Bc5 23. Qf3 Be7 24. Nf4 Nxf4 25. Qxf4 Nc6 26. Rd7 Qb4
27. Bc3 Qa3 28. Bb2 Qb4 29. Bc3 Qb5 30. Bb2 Rcb8 31. Nc3 Qa6 32. h5 Rb7 33.
Rxb7 Qxb7 34. Rd1 Ba3 35. Rf1 Bxb2 36. Kxb2 Qa7 37. Na4 Qd4+ 38. Kb1 Ne5 39.
g6 hxg6 40. hxg6 f6 41. Qh4 Nxg6 42. Qh5 Ne5 43. Rh1 Nf7 44. Qh7+ Kf8 45.
Qh3 Ke7 46. Qf3 Rb8 47. Nb2 Ne5 48. Qe2 Rd8 49. Rd1 Qb6 50. Rxd8 Qxd8 51.
Qb5 Qd7 52. Qc5+ {Black forfeits on time} 1-0

[Event "ICC tourney 2545 (5 3)"]
[Site "Internet Chess Club"]
[Date "2021.04.11"]
[Round "8"]
[White "TjkTiger"]
[Black "sorrym8"]
[Result "1/2-1/2"]
[ICCResult "Game drawn because neither player has mating material"]
[WhiteElo "2310"]
[BlackElo "2028"]
[Opening "King's Indian: fianchetto, classical main line"]
[ECO "E69"]
[NIC "KI.62"]
[Time "17:05:19"]
[TimeControl "300+3"]

1. c4 Nf6 2. Nc3 g6 3. g3 d6 4. Bg2 Bg7 5. d4 O-O 6. Nf3 Nbd7 7. O-O e5 8.
e4 c6 9. h3 Qb6 10. Re1 exd4 11. Nxd4 Re8 12. Nc2 Nc5 13. Qxd6 Rd8 14. Qf4
Nd3 15. Qe3 Nxe1 16. Qxe1 Be6 17. b3 Nd7 18. Be3 Qa5 19. Bd2 Qc7 20. Bg5 Re8
21. Rd1 h6 22. Bf4 Ne5 23. Nd4 Rad8 24. Be3 Bc8 25. f4 Nd7 26. e5 Nxe5 27.
fxe5 Bxe5 28. Nce2 Kh7 29. Kh2 f5 30. Qf2 Qg7 31. Rd2 Qe7 32. Nf3 Rxd2 33.
Bxd2 Bg7 34. Nf4 Qa3 35. Be3 a5 36. Bd4 Qe7 37. h4 Bxd4 38. Qxd4 g5 39. hxg5
hxg5 40. Nd3 Rd8 41. Qc3 f4 42. gxf4 gxf4 43. Nxf4 Qd6 44. Ng5+ Kg8 45. Qg3
Qh6+ 46. Kg1 Rd1+ 47. Bf1 Qg7 48. Ne2 Bf5 49. Qb8+ Qf8 50. Qg3 Qg7 51. Kf2
Rd8 52. Nf3 Qxg3+ 53. Nxg3 Bb1 54. a3 Bc2 55. b4 axb4 56. axb4 Ra8 57. Nd4
Bg6 58. b5 cxb5 59. cxb5 Ra4 60. Ke3 Ra3+ 61. Kf4 Kf8 62. Bg2 Ke7 63. Bxb7
Kd6 64. Ne4+ Bxe4 65. Kxe4 Kc5 66. Ke5 Re3+ 67. Be4 Re1 68. Nc2 Re2 69. Nd4
Re1 70. Nf3 Re2 71. Kf4 Rxe4+ 72. Kxe4 Kxb5
{Game drawn because neither player has mating material}
1/2-1/2

[Event "ICC tourney 2545 (5 3)"]
[Site "Internet Chess Club"]
[Date "2021.04.11"]
[Round "8"]
[White "Kroger"]
[Black "PeterOsgood"]
[Result "1/2-1/2"]
[ICCResult "Game drawn because neither player has mating material"]
[WhiteElo "1709"]
[BlackElo "1850"]
[Opening "English opening"]
[ECO "A20"]
[NIC "EO.24"]
[Time "17:06:32"]
[TimeControl "300+3"]

1. c4 e5 2. g3 c6 3. Bg2 d5 4. cxd5 cxd5 5. Nf3 Nc6 6. O-O e4 7. Ne1 Nf6 8.
d3 exd3 9. Qxd3 Be7 10. Nc3 Be6 11. Bg5 d4 12. Bxf6 Bxf6 13. Ne4 Be7 14. a3
O-O 15. Nf3 Bf5 16. Nf6+ Bxf6 17. Qxf5 Re8 18. Qd3 Qb6 19. b4 Rad8 20. Rfd1
Ne5 21. Nxe5 Bxe5 22. Ra2 g6 23. Rc2 Rc8 24. Rdc1 Rc3 25. Qe4 Re7 26. Rxc3
dxc3 27. Qc4 Qc7 28. Qxc7 Rxc7 29. Rc2 Rd7 30. Be4 Rd1+ 31. Kg2 b6 32. Ra2
f5 33. Bd3 Kf7 34. Kf3 Kf6 35. h4 h6 36. a4 g5 37. hxg5+ hxg5 38. g4 fxg4+
39. Kxg4 Rh1 40. Kf3 Rh4 41. b5 Rb4 42. Bc2 g4+ 43. Kg2 Ke6 44. e3 Kd5 45.
f4 gxf3+ 46. Kxf3 Kc4 47. Ke2 Rb2 48. Rxb2 cxb2 49. Kd2 Bc3+ 50. Kd1 Bb4 51.
Ke2 Kc3 52. Bb1 Kb3 53. Kd3 Kxa4 54. Kc4 Bd2 55. e4 Bf4 56. Bc2+ Ka5 57. Bd3
a6 58. bxa6 b5+ 59. Kb3 Kxa6 60. Kxb2 Be5+ 61. Kb3 Kb6 62. Kb4 Bd6+ 63. Kc3
Kc5 64. Bc2 b4+ 65. Kd3 Be5 66. Bb3 Bd4 67. Bc4 Be5 68. Bd5 Bd4 69. Bb3 Be5
70. Ke3 Bb2 71. Kf4 Kd4 72. e5 Kd3 73. e6 Bf6 74. Kf5 Bd8 75. Kg6 Kc3 76.
Bd5 b3 77. Kf7 b2 78. Be4 Kd4 79. Bb1 Ke5 80. Ba2 Kd4 81. Ke8 Bh4 82. Kd7
Kc3 83. Bb1 Kd2 84. e7 Bxe7 85. Kxe7 Kc1 86. Be4 b1=B
{Game drawn because neither player has mating material}
1/2-1/2

[Event "ICC tourney 2545 (5 3)"]
[Site "Internet Chess Club"]
[Date "2021.04.11"]
[Round "8"]
[White "bumper10"]
[Black "Champi"]
[Result "1-0"]
[ICCResult "Black forfeits on time"]
[WhiteElo "2199"]
[BlackElo "2389"]
[Opening "Sicilian: O'Kelly variation"]
[ECO "B28"]
[NIC "SI.43"]
[Time "17:05:18"]
[TimeControl "300+3"]

1. e4 c5 2. Nf3 a6 3. c3 d6 4. d4 Nd7 5. Bd3 Ngf6 6. O-O e6 7. Re1 Be7 8.
Nbd2 O-O 9. a4 b6 10. Nf1 Bb7 11. Ng3 Re8 12. Bd2 e5 13. d5 g6 14. h3 Bf8
15. Qe2 Bg7 16. b4 Qc7 17. Be3 Rec8 18. Kh2 h6 19. Rec1 Kh7 20. Qd2 Qd8 21.
Rab1 c4 22. Bc2 b5 23. Ra1 Nb6 24. Ra3 bxa4 25. Bxa4 a5 26. b5 Nfd7 27. Bc2
Nc5 28. Rca1 a4 29. Bxc5 Rxc5 30. Bxa4 Nxa4 31. Rxa4 Rxa4 32. Rxa4 Rxb5 33.
Rxc4 Qb6 34. Rb4 Ba6 35. Qb2 h5 36. Ng5+ Kg8 37. h4 Rxb4 38. cxb4 Bf6 39.
Kg1 Kg7 40. Nf1 Qd4 41. Qxd4 exd4 42. Nd2 d3 43. Nb1 Bb2 44. Nf3 f5 45. exf5
gxf5 46. g3 Kf6 47. Kg2 Bc4 48. Nfd2 Ba2 49. Kf3 Bxd5+ 50. Ke3 Bc6 51. Kxd3
Bb5+ 52. Ke3 Ke6 53. Nf3 Kd5 54. Kf4 Bd3 55. Nbd2 Bc3 56. Kg5
{Black forfeits on time}
1-0

[Event "ICC tourney 2545 (5 3)"]
[Site "Internet Chess Club"]
[Date "2021.04.11"]
[Round "8"]
[White "FL2009"]
[Black "jfk2014"]
[Result "0-1"]
[ICCResult "White resigns"]
[WhiteElo "1645"]
[BlackElo "2054"]
[Opening "Robatsch defense: Geller's system"]
[ECO "B06"]
[NIC "KF.05"]
[Time "17:05:20"]
[TimeControl "300+3"]

1. e4 g6 2. d4 Bg7 3. Nf3 d6 4. c3 a6 5. Bd3 Nd7 6. O-O b5 7. Re1 e6 8. Bf4
Ne7 9. Qc1 h6 10. h3 Nb6 11. Nbd2 c5 12. Be3 c4 13. Bc2 Bb7 14. Nf1 Qc7 15.
Ng3 Kf8 16. a4 Nxa4 17. Bxa4 bxa4 18. Rxa4 a5 19. Qa1 d5 20. e5 Bc6 21. Ra3
a4 22. Qc1 Kg8 23. h4 Kh7 24. Qc2 Rhb8 25. Nh5 Nf5 26. Nxg7 Nxe3 27. Rxe3
Kxg7 28. Ne1 Rb3 29. Qc1 Rab8 30. Re2 Qe7 31. Ra2 a3 32. Rxa3 Rxb2 33. Rxb2
Qxa3 34. Rc2 Rb3 35. Qxa3 Rxa3 36. Rc1 Ba4 37. g3 Ra2 38. Kf1 Bb3 39. Kg1 g5
40. Nf3 Kg6 41. hxg5 hxg5 42. Kg2 Bc2 43. Ne1 Be4+ 44. Kg1 g4 45. Ng2 Bxg2
46. Kxg2 Kf5 47. Re1 Rd2 48. Re3 Rd3 49. Kf1 Rd2 50. Ke1 Rc2 51. Kf1 Rc1+
52. Ke2 Rc2+ 53. Ke1 f6 54. f4 gxf3 55. Rxf3+ Ke4 56. Rf4+ Ke3 57. Kd1 Rd2+
58. Kc1 fxe5 59. dxe5 Rg2 60. Rf6 Kd3 61. Rf3+ Ke4 62. Rf6 Kxe5 63. Rg6 Kf5
64. Rg8 e5 65. g4+ Rxg4 66. Rf8+ Ke4 67. Rd8 Rg2 68. Rd7 d4 69. cxd4 exd4
70. Rc7 Kd3 71. Kb1 Kc3 72. Ra7 d3 73. Ra3+ Kb4 74. Ra7 Rg1+ 75. Kb2 c3+ 76.
Ka2 d2 77. Rb7+ Kc4 78. Rc7+ Kd3 79. Rd7+ Kc2 {White resigns} 0-1

[Event "ICC tourney 2545 (5 3)"]
[Site "Internet Chess Club"]
[Date "2021.04.11"]
[Round "8"]
[White "zena"]
[Black "Kyle45"]
[Result "0-1"]
[ICCResult "White resigns"]
[WhiteElo "1320"]
[BlackElo "1464"]
[Opening "QGD: symmetrical (Austrian) defense"]
[ECO "D06"]
[NIC "QP.08"]
[Time "17:06:15"]
[TimeControl "300+3"]

1. d4 d5 2. c4 c5 3. cxd5 cxd4 4. Qa4+ Bd7 5. Qxd4 Nf6 6. e4 g6 7. f3 Bg7 8.
Qd1 Qb6 9. Nc3 a5 10. a4 e6 11. Bb5 O-O 12. Bxd7 Nbxd7 13. Nb5 exd5 14. exd5
Rfe8+ 15. Kf1 Nc5 16. d6 Rad8 17. Bg5 Re6 18. Bf4 Nh5 19. Nh3 Bxb2 20. Rb1
Be5 21. Bxe5 Rxe5 22. g4 Nf6 23. Qd4 Re6 24. Kg2 Re2+ 25. Kg3 Ne8 26. Nf4
Ra2 27. Nc3 Rb2 28. Ncd5 Qxd6 29. Rxb2 Ne6 30. Nf6+ Nxf6 31. Qxd6 Rxd6 32.
Nxe6 Rxe6 33. Rxb7 Ra6 34. Rc1 Nd5 35. Rc5 Nb4 36. Rbb5 Nd3 37. Rd5 Nb4 38.
Rdc5 Nd3 39. Rc3 Nb4 40. Kf2 Kg7 41. Ke2 Nc6 42. Rcc5 Nd4+ 43. Kd3 Nxb5 44.
Rxb5 Kf6 45. Ke4 Ke6 46. h4 f6 47. f4 Kd6 48. f5 Ra7 49. Rd5+ Kc6 50. fxg6
hxg6 51. Kd4 Rd7 52. Rxd7 Kxd7 53. Kc5 f5 54. h5 fxg4 55. h6 g3 {White
resigns} 0-1

[Event "ICC tourney 2545 (5 3)"]
[Site "Internet Chess Club"]
[Date "2021.04.11"]
[Round "8"]
[White "shirovinster"]
[Black "fishbein"]
[Result "0-1"]
[ICCResult "White forfeits on time"]
[WhiteElo "1828"]
[BlackElo "2467"]
[Opening "Sicilian: closed, 6.Ne2 e5 (Botvinnik)"]
[ECO "B25"]
[NIC "SI.45"]
[Time "17:06:00"]
[TimeControl "300+3"]

1. e4 c5 2. Nc3 Nc6 3. g3 g6 4. Bg2 Bg7 5. d3 d6 6. Nge2 e5 7. Be3 Nge7 8.
Qd2 Nd4 9. O-O O-O 10. f4 f5 11. Rab1 exf4 12. Nxf4 fxe4 13. Nxe4 Kh8 14. c3
Ne6 15. Nxe6 Bxe6 16. Rxf8+ Bxf8 17. Ng5 Bg8 18. Bxb7 Rb8 19. Bg2 Nf5 20.
Bf4 h6 21. Ne4 g5 22. Be3 Qe7 23. Bf2 Bxa2 24. Re1 Qf7 25. g4 Ng7 26. Bg3
Rd8 27. Rf1 Qg6 28. Nf6 Be6 29. Be4 Qf7 30. h3 Qe7 31. Nd5 Qd7 32. Rf6 Kg8
33. Rxh6 Be7 34. Nf6+ Bxf6 35. Rxf6 d5 36. Bg2 Rf8 37. Rxf8+ Kxf8 38. Qxg5
Kf7 39. Be5 Ne8 40. Qh5+ Ke7 41. Qh7+ Bf7 42. g5 Qe6 43. Bf6+ Nxf6 44. gxf6+
Qxf6 45. Bxd5 Qg5+ 46. Bg2 Qc1+ 47. Kh2 Qf4+ 48. Kg1 Qc1+ 49. Kh2 Qxb2 50.
Qe4+ Kf8 51. c4 Qb8+ 52. Kg1 a5 53. Qf5 Qd6 54. Bd5 Qg6+ 55. Qxg6 Bxg6 56.
Kf2 a4 57. d4 a3 {White forfeits on time} 0-1

[Event "ICC tourney 2545 (5 3)"]
[Site "Internet Chess Club"]
[Date "2021.04.11"]
[Round "8"]
[White "Eberhard"]
[Black "justinchess"]
[Result "1-0"]
[ICCResult "Black resigns"]
[WhiteElo "2340"]
[BlackElo "2144"]
[Opening "Sicilian: Canal-Sokolsky attack, 3...Bd7"]
[ECO "B52"]
[NIC "SI.01"]
[Time "17:06:00"]
[TimeControl "300+3"]

1. e4 c5 2. Nf3 d6 3. Bb5+ Bd7 4. a4 Nc6 5. O-O Nf6 6. Re1 g6 7. c3 Bg7 8.
d4 cxd4 9. cxd4 O-O 10. Nc3 Bg4 11. Be3 Nd7 12. Be2 Rc8 13. h3 Bxf3 14. Bxf3
Nb6 15. Be2 Na5 16. Bg4 Nd7 17. Qe2 Nc4 18. Rad1 Nxe3 19. Qxe3 h5 20. Bf3
Nb6 21. b3 e6 22. Ne2 Kh7 23. e5 d5 24. Qd3 Qg5 25. g3 h4 26. Kg2 f5 27. Nf4
Rce8 28. Rc1 Rf7 29. Qb5 Qe7 30. Rc7 Qxc7 31. Qxe8 Qe7 32. Qxe7 Rxe7 33.
gxh4 Bh6 34. Nd3 Nc8 35. Re2 Rc7 36. Nc5 Rc6 37. b4 b6 38. b5 Rxc5 39. dxc5
bxc5 40. a5 c4 41. Ra2 d4 42. Bb7 c3 43. Rc2 Bd2 44. Kf1 d3 45. Rxd2 cxd2
46. Bf3 Kg7 47. Bd1 Kf7 48. f4 Ne7 49. b6 axb6 50. a6 Nc6 51. Kf2 b5 52. Ke3
Ke7 53. Kxd2 Kd7 54. Bf3 Na7 55. Kxd3 Kc7 56. h5 gxh5 57. Bxh5 Kb6 58. Bf7
Nc6 59. Bxe6 Ne7 60. Bf7 Kxa6 61. h4 Nd5 62. Bxd5 {Black resigns} 1-0

[Event "ICC tourney 2545 (5 3)"]
[Site "Internet Chess Club"]
[Date "2021.04.11"]
[Round "8"]
[White "Xuanli28"]
[Black "Vazulka"]
[Result "0-1"]
[ICCResult "White resigns"]
[WhiteElo "1707"]
[BlackElo "1872"]
[Opening "Two knights defense (Modern bishop's opening)"]
[ECO "C55"]
[NIC "IG.01"]
[Time "17:06:20"]
[TimeControl "300+3"]

1. e4 e5 2. Nf3 Nc6 3. Bc4 Nf6 4. d3 Be7 5. c3 O-O 6. a4 d6 7. h3 Be6 8. Bb3
Bxb3 9. Qxb3 Na5 10. Qc2 c5 11. O-O a6 12. c4 Nc6 13. Be3 Nh5 14. Nc3 f5 15.
Nd5 f4 16. Bd2 Nf6 17. Rfb1 a5 18. Re1 h6 19. Qb3 Nb4 20. Rad1 Nfxd5 21.
cxd5 Qd7 22. Ra1 g5 23. Qc4 b6 24. Bxb4 axb4 25. b3 Ra5 26. Qc2 Rfa8 27. Qb2
Bf6 28. Nd2 g4 29. hxg4 Qxg4 30. f3 Qh5 31. Nc4 R5a6 32. Nxd6 Bh4 33. g4
fxg3 34. Kg2 Rf8 35. Nf5 Bg5 36. Rh1 Qe8 37. Kxg3 b5 38. axb5 Rg6 39. Kf2
Qxb5 40. Qc2 c4 41. Qxc4 Qb6+ 42. d4 exd4 43. Qd3 Be3+ 44. Kf1 Rg3 45. Nxg3
Rxf3+ 46. Kg2 Rxg3+ 47. Kxg3 Qg6+ 48. Kf3 Qf6+ 49. Kg4 Qf4+ 50. Kh3 Qf3+ 51.
Kh2 Bf4+ 52. Kg1 Qxd3 53. Ra2 Be3+ 54. Kh2 Qxe4 55. Rg2+ Kh7 56. Kh3 Qf3+
57. Kh2 Qh5+ {White resigns} 0-1